 Dungeon Crawl Stone Soup version 0.21-a0-47-g7c8f537 (webtiles) character file.

79 BlueFish the Grave Robber (level 4, -4/30 HPs)
             Began as a Mummy Necromancer on June 9, 2017.
             Slain by a gnoll
             ... wielding a +2 flail of draining
              (10 damage)
             ... on level 2 of the Dungeon.
             The game lasted 00:03:44 (2226 turns).

BlueFish the Grave Robber (Mummy Necromancer)       Turns: 2226, Time: 00:03:45

Health: -4/30      AC:  2    Str: 11    XL:     4   Next: 17%
Magic:  5/9        EV: 12    Int: 15    God:
Gold:   130        SH:  0    Dex: 12    Spells: 5/10 levels left

rFire    x . .     SeeInvis .   d - +0 spear
rCold    + . .     Gourm    .   (no shield)
rNeg     + + +     Faith    .   a - +0 robe
rPois    ∞         Spirit   .   e - +0 hat
rElec    .         Reflect  .   (no cloak)
rCorr    .         Harm     .   (no gloves)
MR       .....                  (no boots)
Stlth    ++........             (no amulet)
Regen    0.1/turn               (no ring)
MPRegen  0.2/turn               (no ring)

@: no status effects
A: no food or potions, fire vulnerability, cold resistance 1, negative energy
resistance 3, torment resistance, unbreathing
a: no special abilities


You were on level 2 of the Dungeon.
You were not hungry.

You visited 1 branch of the dungeon, and saw 2 of its levels.

You collected 130 gold pieces.

Inventory:

Hand Weapons
 d - a +0 spear (weapon)
Armour
 a - a +0 robe (worn)
 e - a +0 hat (worn)
Scrolls
 c - a scroll of remove curse {unknown}
 f - a scroll of magic mapping {unknown}
 g - a scroll of blinking
 h - a scroll of recharging {unknown}
 i - a scroll of teleportation {unknown}
Books
 b - a book of Necromancy

   Spells                             Type                      Level
   a - Pain                           Necromancy                   1
   b - Animate Skeleton               Necromancy                   1
   c - Vampiric Draining              Necromancy                   3
   d - Regeneration                   Charms/Necromancy            3
   e - Animate Dead                   Necromancy                   4
   f - Control Undead                 Necromancy                   4


   Skills:
 + Level 0.2 Fighting
 + Level 1.5 Dodging
 + Level 1.6 Stealth
 + Level 3.5 Spellcasting
 * Level 5.3 Necromancy


You had 5 spell levels left.
You knew the following spells:

 Your Spells              Type           Power        Failure   Level  Hunger
a - Animate Skeleton      Necr           N/A          2%          1    N/A
b - Vampiric Draining     Necr           ###.......   6%          3    N/A
s - Pain                  Necr           ###.         2%          1    N/A

Dungeon Overview and Level Annotations

Branches:
Dungeon (2/15)

Altars:


Innate Abilities, Weirdness & Mutations

You do not eat or drink.
Your flesh is vulnerable to fire.
You are immune to poison.
Your flesh is cold resistant. (rC+)
You are immune to negative energy. (rN+++)
You are immune to unholy pain and torment.
You can survive without breathing.


Message History

Aim: a gnoll, wielding a flail of draining (heavily wounded)
You reach to attack!
You hit the gnoll but do no damage.
The gnoll is heavily wounded.
You hit the gnoll but do no damage.
The gnoll is heavily wounded.
The gnoll hits you from afar with a spear!
The gnoll hits you with a flail of draining!
Casting: Pain
Confirm with . or Enter, or press ? or * to list all spells.
Aiming: Vampiric Draining
Press: ? - help, Shift-Dir - straight line, f/p - gnoll
Aim: a gnoll, wielding a flail of draining (heavily wounded)
The gnoll is severely wounded.
You feel life coursing into your body.
The gnoll hits you with a flail of draining!
* * * LOW HITPOINT WARNING * * *
There is an open door here.
There is an open door here.
The gnoll hits you with a flail of draining!
You die...

........#.....# #.#.# #.###.#
.......##.....#######.#.###.#####
.......++.....+..................
.......##.....#######.##.####....
#########.....# #............
#########.....### ####.###.....
........'..g..g.# #.# #.####
#########.....#g## #.# #.# ######
#.....#.@# #.# #.# .....#
#.....##.# #.# #.#
.....###########.#######+###.#
..........# #..............####
..........# #!.............##..
..........# #..............##..
..........# #..............##..
..........#####..............####
..............'..............####


You could see 2 gnolls.

Vanquished Creatures
  4 adders
  An ooze (D:2)
  A worm (D:2)
  2 dart slugs
  A giant cockroach (D:1)
  4 goblins
  2 hobgoblins (D:1)
  3 jackals (D:2)
  6 bats
  5 kobolds
  5 rats
34 creatures vanquished.

Vanquished Creatures (collateral kills)
  A bat (D:2)
  A goblin (D:1)
2 creatures vanquished.

Grand Total: 36 creatures vanquished

Notes
Turn   | Place    | Note
-------+----------+-------------------------------------------
     0 | D:1      | BlueFish the Mummy Necromancer began the quest for the Orb.
     0 | D:1      | Reached XP level 1. HP: 13/13 MP: 4/4
     2 | D:1      | Learned a level 1 spell: Animate Skeleton
   438 | D:1      | Reached XP level 2. HP: 19/19 MP: 0/5
  1182 | D:2      | Reached XP level 3. HP: 24/24 MP: 4/7
  1584 | D:2      | Reached skill level 5 in Necromancy
  1841 | D:2      | Reached XP level 4. HP: 30/30 MP: 5/9
  1880 | D:2      | Learned a level 3 spell: Vampiric Draining
  2226 | D:2      | Slain by a gnoll

Vault maps used:
D:1:      lightli_arrival_lavapool, minmay_pentomino_x4

Skill      XL: |  1  2  3 |
---------------+----------+-----
Spellcasting   | 3 |  3.5
Necromancy     | 5 |  5.3
Fighting       | |  0.2
Dodging        | |  1.5
Stealth        | |  1.6

Action                   |  1- 3 |  4- 6 || total
-------------------------+-------+-------++-------
Melee: Spear             |     6 |     7 ||    13
 Cast: Pain              |    59 |    14 ||    73
       Animate Skeleton  |    13 |     3 ||    16
       Vampiric Draining |       |     1 ||     1
  Use: Scroll            |     1 |       ||     1
Armor: Robe              |       |     1 ||     1
Dodge: Dodged            |    11 |       ||    11
